 Dungeon Crawl Stone Soup version 0.30-a0-118-ga018f8e90f (webtiles) character file.

Game seed: 591743265583761662

119 Newt the Trooper (level 4, -3/37 HPs)
             Began as a Demonspawn Gladiator on Sept 13, 2022.
             Killed by divine providence
             ... invoked by an orc priest
              (12 damage)
             ... on level 3 of the Dungeon.
             The game lasted 00:02:15 (2631 turns).

Newt the Trooper (Demonspawn Gladiator)             Turns: 2631, Time: 00:02:16

Health: -3/37      AC:  4    Str: 16    XL:     4   Next: 74%
Magic:  4/4        EV: 11    Int: 10    God:
Gold:   129        SH:  3    Dex: 14    Spells: 3/3 levels left

rFire   . . .      SeeInvis .    a - +0 rapier
rCold   . . .      Faith    .    k - +0 buckler
rNeg    . . .      Spirit   .    b - +0 leather armour
rPois   .          Reflect  .    c - +0 helmet
rElec   .          Harm     .    (no cloak)
rCorr   .          Rampage  .    (no gloves)
Will    .....                    (no boots)
Stlth   ++........               (no amulet)
HPRegen 0.12/turn                (no ring)
MPRegen 0.09/turn                (no ring)

@: no status effects
A: ignite blood 1
a: no special abilities


You were on level 3 of the Dungeon.
You visited 1 branch of the dungeon, and saw 4 of its levels.

You collected 129 gold pieces.

Inventory:

Hand Weapons
 a - a +0 rapier (weapon)
Missiles
 d - 3 throwing nets (quivered)
 e - a javelin
 p - 4 poisoned darts
Armour
 b - a +0 leather armour (worn)
 c - a +0 helmet (worn)
 k - a +0 buckler (worn)
Jewellery
 j - a ring of magical power
Scrolls
 h - a scroll of identify
 l - a scroll of teleportation
 o - 3 scrolls of amnesia {unknown}
 q - a scroll of torment {unknown}
Potions
 f - a potion of lignification
 g - a potion of curing
 m - a potion of magic {unknown}
 n - a potion of invisibility {unknown}
 r - a potion of flight {unknown}


   Skills:
 - Level 4.0 Fighting
 + Level 3.2 Short Blades
 - Level 1.7 Throwing
 - Level 2.6 Dodging
 - Level 2.0 Stealth


You had 3 spell levels left.
You didn't know any spells.
Your spell library was empty.

Dungeon Overview and Level Annotations

Branches:
Dungeon (4/15)
 Temple: D:4-7

Altars:


Innate Abilities, Weirdness & Mutations

Your demonic aura sometimes causes spilled blood to erupt in flames.


Message History

HP restored.
You can't go down here!
You climb upwards.
The orc hits you but does no damage.
There is a stone staircase leading down here.
Unknown command.
The orc hits you with a +0 hand axe. The orc priest misses you.
You barely miss the orc priest. The orc hits you with a +0 hand axe.
You block the orc priest's attack.
You hit the orc priest.
The orc priest is moderately wounded.
You block the orc's attack.
The orc priest mumbles some strange prayers to Beogh against you.
Beogh smites you!
You hit the orc priest but do no damage.
The orc priest is moderately wounded.
The orc hits you with a +0 hand axe. You block the orc priest's attack.
The orc barely misses you.
The orc priest mumbles some strange prayers to Beogh against you.
Beogh smites you!
* * * LOW HITPOINT WARNING * * *
You are confused.
You feel invigorated. The orc priest completely misses you.
The orc hits you with a +0 hand axe.
* * * LOW HITPOINT WARNING * * *
Unknown command.
You miss the orc priest.
The orc priest is moderately wounded.
The orc priest hits you with a +0 hand axe.
* * * LOW HITPOINT WARNING * * *
The orc closely misses you.
Unknown command.
You feel less invigorated.
You feel less confused. You block the orc priest's attack.
You hit the orc priest.
The orc priest is heavily wounded.
You block the orc's attack.
The orc priest mumbles some strange prayers to Beogh against you.
Beogh smites you!
You die...

#.# . #.# .# #.# .# #. #.# ..#.#
#.###########.##..#.##
#..................... .. ....
..#.......#........... .###.##.
#.#.......###.##..#.##.
.....##.###.#...@...###.##..#....
......... ..+...oo>.....#........
...#.##.# #.#...................
...#.##.###.#...[...####......##
......#'#..........## #......#
.......o.##..#####.#####...[..###
o.#####..##..# ................
.o#...#...#..##+##+######........
.#...#....#..........####...#.###


You could see an orc priest and an orc.

Vanquished Creatures
  An orc priest (D:4)
  4 adders (D:2)
  A worm (D:2)
  A dart slug (D:1)
  5 orcs (D:3)
  2 endoplasms (D:1)
  2 giant cockroaches
  2 goblins (D:2)
  5 hobgoblins
  3 jackals (D:1)
  3 quokkas
  6 bats
  2 frilled lizards
  4 kobolds
  3 rats
44 creatures vanquished.

Vanquished Creatures (others)
  A butterfly (D:4)
1 creature vanquished.

Grand Total: 45 creatures vanquished

Notes
Turn   | Place    | Note
-------+----------+-------------------------------------------
     0 | D:1      | Newt the Demonspawn Gladiator began the quest for the Orb.
     0 | D:1      | Reached XP level 1. HP: 16/16 MP: 1/1
    43 | D:1      | Reached skill level 1 in Stealth
   216 | D:1      | Gained mutation: Your demonic aura sometimes causes spilled
                  | blood to erupt in flames. [demonic ancestry]
   216 | D:1      | Reached XP level 2. HP: 20/22 MP: 2/2
   940 | D:2      | Reached XP level 3. HP: 26/28 MP: 3/3
  1032 | D:2      | Reached skill level 3 in Fighting
  1312 | D:2      | Reached XP level 4. HP: 35/37 MP: 4/4
  1817 | D:3      | Reached skill level 4 in Fighting
  2113 | D:3      | Identified the +0 robe "Omoavvom" {rN+}
  2631 | D:3      | Killed from afar by an orc priest

Illustrated notes

Levels and vault maps discovered:
D:1:      evilmike_arrival_fibonacci_small, layout_basic
D:2:      layout_basic, minivault_11
D:3:      layout_basic, vehumet_crystals, zin_treasury, minmay_distorted,
          uniq_natasha
D:4:      layout_loops_corners, nicolae_elyvilon_peaceful_grove, led_sif_pool,
          grunt_gozag_breadcrumbs, serial_forest, infiniplex_forest_zigzag_1,
          infiniplex_forest_end_3, infiniplex_forest_end_2,
          infiniplex_forest_end_2, infiniplex_forest_end_1,
          infiniplex_forest_lined_2, infiniplex_forest_lined_2,
          cheibrodos_gnoll_hut, uniq_duvessa, uniq_crazy_yiuf_cottage,
          uniq_eustachio, uniq_pikel

Skill      XL: |  1  2  3  4 |
---------------+-------------+-----
Stealth        | 1 2 |  2.0
Fighting       | 3 4 |  4.0
Short Blades   | 3 |  3.2
Throwing       | |  1.7
Dodging        | |  2.6

Action                   |  1- 3 |  4- 6 || total
-------------------------+-------+-------++-------
Melee: Rapier            |   107 |    40 ||   147
       Punch             |     1 |       ||     1
  Use: Scroll            |     5 |       ||     5
       Potion            |     1 |     2 ||     3
 Stab: Sleeping          |     2 |     1 ||     3
Armor: Leather armour    |    35 |    10 ||    45
Dodge: Dodged            |    71 |    28 ||    99
Block: Buckler           |     9 |    10 ||    19

Table legend: (Time is in decaauts)
 A = Elapsed time spent in this place.
 B = Non-inter-level travel time spent in this place.
 C = Inter-level travel time spent in this place.
 D = Time resting spent in this place.
 E = Time spent auto-exploring this place.
 F = Levels seen in this place.
 G = Mean time per level.
                   A        B        C        D        E       F      G
               +--------+--------+--------+--------+--------+-----+--------+
         Total |   2646 |   2614 |     32 |    723 |   1495 |   4 |  661.5 |
       Dungeon |   2646 |   2614 |     32 |    723 |   1495 |   4 |  661.5 |
               +--------+--------+--------+--------+--------+-----+--------+

Top non-repeatable levels by time:
     D:1: 925 daAuts
     D:2: 744 daAuts
     D:3: 504 daAuts
     D:4: 472 daAuts
